 Dungeon Crawl Stone Soup version 0.31-a0-358-gac0dbeb3ab (webtiles) character file.

Game seed: 10556711395119380334

5 mopl the Stinger (level 1, 0/12 (13) HPs)
             Began as a Formicid Venom Mage on July 25, 2023.
             Slain by a ball python (3 damage)
             ... on level 1 of the Dungeon.
             The game lasted 00:00:41 (132 turns).

mopl the Stinger (Formicid Venom Mage)               Turns: 132, Time: 00:00:42

HP:   0/12 (13)     AC:  2    Str: 12    XL:     1   Next: 88%
MP:   0/3           EV:  9    Int: 14    God:
Gold: 9             SH:  0    Dex: 14    Spells: 3/4 levels left

rFire   . . .        (no weapon)
rCold   . . .        (no shield)
rNeg    . . .        a - +0 robe
rPois   .            (helmet unavailable)
rElec   .            (no cloak)
rCorr   .            (no gloves)
SInv    +            (no boots)
Will    .....        (no amulet)
Stlth   ++           (no ring)
HPRegen 0.22/turn    (no ring)
MPRegen 0.08/turn

%: no passive effects
@: constricted, drained
A: permanent stasis, dig shafts and tunnels, antennae 3, four strong arms
a: Dig, Shaft Self


You were on level 1 of the Dungeon.
You visited 1 branch of the dungeon, and saw 1 of its levels.

You collected 9 gold pieces.

Inventory:

Armour
 a - a +0 robe (worn)
Potions
 b - a potion of magic


   Skills:
 - Level 1.7 Dodging
 - Level 2.4 Stealth
 + Level 2.4 Spellcasting
 - Level 1.1 Transmutations
 + Level 4.2 Poison Magic


You had 3 spell levels left.
You knew the following spells:

 Your Spells              Type           Power      Damage    Failure   Level
a - Sting                 Tmut/Pois      36%        1d4       8%          1

Your spell library contained the following spells:

 Spells                   Type           Power      Damage    Failure   Level
 Poisonous Vapours        Pois/Air       14%        N/A       14%         2
 Mephitic Cloud           Conj/Pois/Air  5%         N/A       36%         3
 Olgreb's Toxic Radiance  Pois           13%        N/A       36%         4


Dungeon Overview and Level Annotations

Branches:
Dungeon (1/15)

Altars:


Innate Abilities, Weirdness & Mutations

You cannot be hasted, slowed, berserked, paralysed or teleported.
You can dig through walls and to a lower floor.
You have a pair of large antennae on your head. (SInv)
Your four strong arms can wield two-handed weapons with a shield.


Message History

Unknown command.
Unknown command.
You escape the ball python's grasp.
The ball python barely misses you. The ball python misses you.
The endoplasm attacks as you move away!
The endoplasm hits you but does no damage.
The ball python barely misses you. The ball python grabs you.
The ball python constricts you.
You extend your mandibles.
You escape the ball python's grasp.
You dig through the rock wall.
You feel drained. The ball python closely misses you.
The ball python grabs you. The ball python constricts you.
You retract your mandibles.
You hit the ball python.
You kill the ball python!
The ball python closely misses you. The ball python grabs you.
The ball python constricts you.
You hit the ball python.
The ball python is heavily wounded.
The ball python bites you but does no damage.
The ball python constricts you.
You hit the ball python but do no damage.
The ball python is heavily wounded.
The ball python bites you.
* * * LOW HITPOINT WARNING * * *
The ball python constricts you.
* * * LOW HITPOINT WARNING * * *
The endoplasm jiggles.
Casting: Sting (safe; 8% risk of failure)
Confirm with . or Enter, or press ? or * to list all spells.
Aiming: Sting (safe; 8% risk of failure)
Press: ? - help, Shift-Dir - straight line, f/p - ball python
Aim: a ball python (heavily wounded, constricting you, 64% to hit)
The sting misses the ball python.
The ball python closely misses you. The ball python constricts you.
Unknown command.
You hit the ball python but do no damage.
The ball python is heavily wounded.
The ball python bites you.
You die...

.. { #.... ..
#.... ##. #.#
#.... #..# {
#^.#+# #....
....###
.####.).#
#.... #...#.
....S...#
#.... #....
#.#### #.###
##._.## ###
#.†..###....
#.....###@#
##.##......##
,,#...#S##
##..#####...##
##...J####..##
##....
##..###...##
#.†..
#..###..###
#..[.
#...#).##
#.... ###...##
#.... #####
#.... #....


You could see an endoplasm and a ball python.

Vanquished Creatures
  2 ball pythons (D:1)
  A goblin (D:1)
  A quokka (D:1)
  A frilled lizard (D:1)
5 creatures vanquished.

Notes
Turn   | Place    | Note
-------+----------+-------------------------------------------
     0 | D:1      | mopl the Formicid Venom Mage began the quest for the Orb.
     0 | D:1      | Reached XP level 1. HP: 13/13 MP: 3/3
   111 | D:1      | Found a faded altar of an unknown god.
   132 | D:1      | Slain by a ball python

Illustrated notes

Levels and vault maps discovered:
D:1:      dpeg_arrival_refuge, layout_basic, nicolae_ecumenical_snake_handling

Action                     || total
---------------------------++-------
  Melee: Unarmed           ||    12
   Cast: Sting             ||     8
Ability: Dig               ||     1
 Armour: Robe              ||     4
  Dodge: Dodged            ||    17

Table legend: (Time is in decaauts)
 A = Elapsed time spent in this place.
 B = Non-inter-level travel time spent in this place.
 C = Inter-level travel time spent in this place.
 D = Time resting spent in this place.
 E = Time spent auto-exploring this place.
 F = Levels seen in this place.
 G = Mean time per level.
                   A        B        C        D        E       F      G
               +--------+--------+--------+--------+--------+-----+--------+
         Total |    132 |    132 |      0 |     30 |     56 |   1 |  132.0 |
       Dungeon |    132 |    132 |      0 |     30 |     56 |   1 |  132.0 |
               +--------+--------+--------+--------+--------+-----+--------+

Top non-repeatable levels by time:
     D:1: 132 daAuts
